 Dungeon Crawl Stone Soup version 0.21.1-1-g345015f (webtiles) character file.

1393 shakethe the Shield-Bearer (level 8, 0/74 HPs)
             Began as a Deep Dwarf Fighter on Feb 21, 2018.
             Was a Believer of Makhleb.
             Slain by Pikel
             ... wielding a +2 whip of electrocution
              (6 damage)
             ... on level 6 of the Dungeon.
             The game lasted 00:10:13 (4590 turns).

shakethe the Shield-Bearer (Deep Dwarf Fighter)     Turns: 4590, Time: 00:10:13

Health: 0/74       AC: 11    Str: 27    XL:     8   Next: 41%
Magic:  10/10      EV:  4    Int:  9    God:    Makhleb [**....]
Gold:   243        SH: 12    Dex: 12    Spells: 7/7 levels left

rFire    . . .     SeeInvis .   o - +2 hand axe (vamp) {!w}
rCold    . . .     Gourm    .   a - +2 shield
rNeg     . . .     Faith    +   p - +0 plate armour (curse)
rPois    .         Spirit   .   (no helmet)
rElec    .         Reflect  .   (no cloak)
rCorr    .         Harm     .   (no gloves)
MR       +....                  (no boots)
Stlth    ..........             m - amulet of faith {Faith, !P}
HPRegen  0.00/turn              (no ring)
MPRegen  0.12/turn              (no ring)

@: mighty, non-regenerating, very heavily drained
A: damage resistance, heal wounds, sense surroundings 1, no regeneration
a: Heal Wounds, Minor Destruction, Renounce Religion


You were on level 6 of the Dungeon.
You worshipped Makhleb.
Makhleb was pleased with you.
You were not hungry.

You visited 2 branches of the dungeon, and saw 7 of its levels.
You also visited: Sewer.

You collected 243 gold pieces.

Inventory:

Hand Weapons
 o - a +2 vampiric hand axe (weapon) {!w}
   (You took it off an orc on level 3 of the Dungeon)
Missiles
 C - a throwing net {=f, !d}
Armour
 a - a +2 shield (worn)
   (You found it on level 3 of the Dungeon)
 l - a +2 chain mail of magic resistance
   (You found it on level 2 of the Dungeon)
 p - a cursed +0 plate armour (worn)
   (You found it on level 3 of the Dungeon)
Jewellery
 m - an amulet of faith (around neck) {Faith, !P}
   (You found it on level 2 of the Dungeon)
 s - an uncursed ring of poison resistance {unknown}
   (You found it on level 4 of the Dungeon)
 H - an uncursed ring of flight {unknown}
   (You found it on level 6 of the Dungeon)
Wands
 g - a wand of paralysis (16)
   (You found it on level 4 of the Dungeon)
 x - a wand of flame (16)
   (You found it on level 5 of the Dungeon)
Scrolls
 e - 5 scrolls of identify {unknown}
 i - 4 scrolls of teleportation {unknown}
 j - 3 scrolls of immolation {unknown}
 k - 4 scrolls of remove curse {unknown}
 q - 3 scrolls of blinking {unknown}
 t - a scroll of fog {unknown}
 v - a scroll of amnesia {unknown}
 y - 2 scrolls of fear {unknown}
 E - a scroll of noise {unknown}
 G - a scroll of enchant armour {unknown}
Potions
 b - a potion of haste {unknown}
 c - a potion of cancellation {unknown}
 h - 3 potions of heal wounds {unknown}
 n - 5 potions of curing {unknown}
 r - 4 potions of flight {unknown}
 u - a potion of brilliance {unknown}
 w - a potion of resistance {unknown}
 z - a potion of agility {unknown}
 A - a potion of degeneration {unknown}
 D - 2 potions of magic {unknown}
Books
 F - a book of Minor Magic
   (You found it on level 6 of the Dungeon)
Comestibles
 f - 10 rations
 B - 2 chunks of flesh {@w0@w0}


   Skills:
 + Level 5.0(2.0) Fighting
 + Level 5.5(2.3) Axes
 + Level 6.0(2.9) Armour
 + Level 6.1(2.9) Shields
 + Level 3.7(0.8) Invocations
 + Level 3.9(0.9) Evocations


You had 7 spell levels left.
You didn't know any spells.

Dungeon Overview and Level Annotations

Branches:
Dungeon (6/15)             Temple (1/1) D:4

Altars:
Ashenzari
Cheibriados
Fedhas
Gozag
Hepliaklqana
Kikubaaqudgha
Makhleb
Nemelex Xobeh
Okawaru
Ru
Sif Muna
Trog
Uskayaw
Wu Jian
Xom
Yredelemnul

Annotations:
D:6 Pikel


Innate Abilities, Weirdness & Mutations

You are resistant to damage.
You can heal yourself by infusing magical energy.
You passively map a small area around you.
You do not regenerate.


Message History

Eating one of 3 chunks of flesh {@w0@w0}.
You eat one of the 3 chunks of flesh {@w0@w0}.
G - a scroll labeled CAMIOPH LOYDGH
e - 5 scrolls labeled OCETHR YMULIPH (gained 1)
You butcher the adder corpse.
B - 4 chunks of flesh {@w0@w0} (gained 2)
Found a stone staircase leading up.
You now have 243 gold pieces (gained 7).
You found a shaft!
Found a stone staircase leading down.
H - a glowing glass ring Some of the chunks of flesh in your inventory have rotted away.
k - 4 scrolls labeled YPLITONUOZ (gained 1)
A slave comes into view.
The slave shouts!
You hear a shout!
A slave comes into view.
The slave shouts!
The slave hits you but does no damage.
A slave comes into view.
Your shield and plate armour prevent you from hitting the slave.
The slave shouts!
The slave hits you but does no damage.
You barely miss the slave. The slave hits you but does no damage.
You closely miss the slave. The slave hits you but does no damage.
You closely miss the slave. You block the slave's attack.
You closely miss the slave. You block the slave's attack. The slave hits you.
You hit the slave.
You feel better. You block the slave's attack.
You closely miss the slave. The slave hits you but does no damage.
You closely miss the slave. You block the slave's attack.
You slash the slave!
You feel better. You block the slave's attack. The slave hits you.
You take 1 damage, and have 56/74 hp.
You closely miss the slave. The slave hits you.
You take 4 damage, and have 52/74 hp.
You closely miss the slave. You block the slave's attack.
You hit the slave.
You feel better. You block the slave's attack.
You slash the slave! You block the slave's attack.
You hit Pikel. You block Pikel's attack.
You barely miss Pikel. You block Pikel's attack.
You hit Pikel.
You feel better. Pikel hits you but does no damage.
You closely miss Pikel. Pikel hits you but does no damage.
You closely miss Pikel.
Pikel hits you with a whip of electrocution.
You take 1 damage, and have 53/74 hp.
You hit Pikel. You block Pikel's attack. x2
You miss Pikel. You block Pikel's attack.
Your shield and plate armour prevent you from hitting Pikel.
You block Pikel's attack.
You closely miss Pikel.
Pikel hits you with a whip of electrocution.
You take 2 damage, and have 51/74 hp.
Your shield and plate armour prevent you from hitting Pikel.
You block Pikel's attack. x2
You hit Pikel but do no damage. You block Pikel's attack.
You hit Pikel.
Pikel says, "I'm sure the Orcish Mines are around here somewhere..."
Pikel hits you with a whip of electrocution.
You closely miss Pikel. Pikel hits you but does no damage.
You hit Pikel but do no damage.
Pikel hits you with a whip of electrocution.
You are electrocuted!
Pikel hits you but does no damage.
You take 15 damage, and have 36/74 hp.
MASSIVE DAMAGE!!
You hit Pikel.
You feel better.
Pikel hits you with a whip of electrocution.
You take 2 damage, and have 34/74 hp.
You closely miss Pikel.
Pikel hits you with a whip of electrocution.
You are electrocuted!
* * * LOW HITPOINT WARNING * * *
You take 17 damage, and have 17/74 hp.
MASSIVE DAMAGE!!
You closely miss Pikel.
Pikel says, "I just want to get paid!"
Pikel hits you but does no damage.
Your plate armour prevents you from hitting Pikel.
Pikel hits you but does no damage. Pikel completely misses you.
You hit Pikel.
You feel better. Pikel barely misses you.
You regained 2 hp, and now have 19/74 hp.
Okay, then.
You feel very mighty all of a sudden. Pikel hits you but does no damage.
You are electrocuted!
* * * LOW HITPOINT WARNING * * *
You take 14 damage, and have 5/74 hp.
You see here 19 arrows.
You feel much better. You block Pikel's attack.
You regained 18 hp, and now have 23/74 hp.
You closely miss Pikel.
Pikel hits you with a whip of electrocution.
You are electrocuted!
* * * LOW HITPOINT WARNING * * *
You take 17 damage, and have 6/74 hp.
MASSIVE DAMAGE!!
You closely miss Pikel. You hit the slave but do no damage.
You block the slave's attack.
Pikel hits you with a whip of electrocution.
You are electrocuted!
You die...

#............##.##...........
#(...........##.#............
#............##.....รท...#....
#........................#.#.
#.......###..#....#.#.##.#.#.
#.......# #.....###.#..#.#.#.
#####...# #...#.# #.##.#.#.##
#...###.....###.#*.....<*
#...#...@........ .......
##...#..pK.#####.# ##.. ##
##....#...p.# # ##..#..#.....#
, * ,, # ###.........p#######
# #................... ,
..#..........####### ,
.##..........########..$
...............ppp......


You could see Pikel and 3 slaves.

Vanquished Creatures
  A slave (D:6)
  A sky beast (D:5)
  An ice beast (D:5)
  A centaur (D:5)
  A big kobold (Sewer)
  5 wights
  2 howler monkeys
  4 crimson imps
  3 hounds
  2 centaur skeletons
  4 iguanas
  An orc wizard (D:3)
  A worker ant (D:4)
  A hound zombie (D:5)
  A hound skeleton (D:5)
  A howler monkey zombie (D:6)
  A worker ant zombie (D:5)
  3 gnolls (D:6)
  9 adders
  A river rat (D:4)
  A shadow imp (D:6)
  6 worms
  3 dart slugs
  7 leopard geckos
  7 orcs
  4 giant cockroaches
  5 hobgoblins
  19 jackals
  11 kobolds
  2 quokkas (D:3)
  A ball python (D:1)
  7 bats
  7 frilled lizards
  12 goblins
  A leopard gecko skeleton (D:4)
  A leopard gecko zombie (D:6)
  19 rats
157 creatures vanquished.

Notes
Turn   | Place    | Note
-------+----------+-------------------------------------------
     0 | D:1      | shakethe the Deep Dwarf Fighter began the quest for the Orb.
     0 | D:1      | Reached XP level 1. HP: 20/20 MP: 1/1
   105 | D:1      | Reached XP level 2. HP: 20/27 MP: 2/2
   251 | D:1      | Reached skill level 3 in Fighting
   367 | D:1      | Reached XP level 3. HP: 19/34 MP: 3/3
  1099 | D:2      | Reached skill level 3 in Axes
  1122 | D:2      | Found a faded altar of an unknown god.
  1135 | D:2      | Reached XP level 4. HP: 39/42 MP: 4/4
  1179 | D:2      | Found a blossoming altar of Fedhas.
  1179 | D:2      | Found a hide-covered altar of Uskayaw.
  1180 | D:2      | Found an ornate altar of the Wu Jian Council.
  1188 | D:2      | Found a shimmering altar of Xom.
  1188 | D:2      | Found an ancient bone altar of Kikubaaqudgha.
  1190 | D:2      | Found an opulent altar of Gozag.
  1191 | D:2      | Found an iron altar of Okawaru.
  1334 | D:2      | Reached skill level 4 in Shields
  1616 | D:3      | Reached skill level 4 in Armour
  1999 | D:3      | Reached XP level 5. HP: 49/49 MP: 5/5
  2630 | D:4      | Found a glowing drain.
  2647 | Sewer    | Entered a sewer
  2758 | Sewer    | Found a glowing silver altar of Zin.
  2928 | D:4      | Reached XP level 6. HP: 57/57 MP: 6/6
  2969 | D:4      | Reached skill level 4 in Fighting
  2969 | D:4      | Reached skill level 4 in Axes
  3063 | D:4      | Reached skill level 5 in Shields
  3083 | D:4      | Reached skill level 5 in Armour
  3328 | D:4      | Found a staircase to the Ecumenical Temple.
  3334 | Temple   | Entered the Ecumenical Temple
  3386 | Temple   | Became a worshipper of Makhleb the Destroyer
  3445 | D:5      | Entered Level 5 of the Dungeon
  3464 | D:5      | Reached skill level 1 in Invocations
  3464 | D:5      | Reached skill level 1 in Evocations
  3464 | D:5      | Reached XP level 7. HP: 51/64 MP: 7/7
  3687 | D:5      | Reached skill level 2 in Invocations
  3687 | D:5      | Reached skill level 2 in Evocations
  3901 | D:5      | Reached * piety under Makhleb
  3905 | D:6      | Reached skill level 5 in Axes
  4008 | D:6      | Reached skill level 3 in Evocations
  4008 | D:6      | Reached XP level 8. HP: 73/73 MP: 10/10
  4034 | D:6      | Found a snail-covered altar of Cheibriados.
  4048 | D:6      | Reached skill level 3 in Invocations
  4107 | D:5      | HP: 16/73 [wight/enchanted morningstar (9)]
  4109 | D:5      | HP: 4/73 [wight/enchanted scimitar (7)]
  4143 | D:5      | Reached skill level 5 in Fighting
  4143 | D:5      | Reached skill level 6 in Shields
  4177 | D:5      | Reached ** piety under Makhleb
  4210 | D:6      | HP: 14/74 [wight/halberd (5)]
  4214 | D:6      | HP: 5/74 [wight/halberd (2)]
  4217 | D:6      | Reached skill level 6 in Armour
  4316 | D:6      | Noticed Pikel
  4572 | D:6      | HP: 17/74 [Pikel/whip of electrocution (17)]
  4579 | D:6      | HP: 5/74 [Pikel/whip of electrocution (14)]
  4589 | D:6      | HP: 6/74 [Pikel/whip of electrocution (17)]
  4590 | D:6      | Slain by Pikel

Skill      XL: |  1  2  3  4  5  6  7  8 |
---------------+-------------------------+-----
Fighting       | 3 4 5 |  5.0
Axes           | 3 4 5 |  5.5
Shields        | 4 5 6 |  6.1
Armour         | 4 5 6 |  6.0
Invocations    | 1 2 3 |  3.7
Evocations     | 1 3 |  3.9

Action                   |  1- 3 |  4- 6 |  7- 9 || total
-------------------------+-------+-------+-------++-------
Melee: War axe           |   138 |    56 |       ||   194
       Hand axe          |       |   171 |   293 ||   464
 Abil: Heal Wounds       |     1 |       |     3 ||     4
  Use: Potion            |       |       |     1 ||     1
  Eat: Chunk             |     1 |     5 |     5 ||    11
       Ration            |       |     2 |       ||     2
Armor: Scale mail        |    56 |       |       ||    56
       Chain mail        |    15 |    36 |       ||    51
       Plate armour      |       |    83 |   190 ||   273
Dodge: Dodged            |    47 |    60 |    60 ||   167
Block: Shield            |    72 |   151 |   222 ||   445

Vault maps used:
D:1:      nzn_arrival_crosshair
D:2:      grunt_temple_overflow_open, chequers_ecumenical_altar_simple_redux
D:4:      minmay_temple_entry_hall, cheibrodos_sewer_entry_sluice,
          kennysheep_potato
D:5:      first_ration, kennysheep_generic_room_14
D:6:      nicolae_overflow_hidden_temple, minivault_19, minmay_crossroads,
          uniq_pikel
Temple:   compressed_dpeg_triangle_lava_temple
Sewer:    sewer_kobolds

Table legend:
 A = Turns spent in this place as a percentage of turns spent in the entire game.
 B = Non-inter-level travel turns spent in this place as a percentage of non-inter-level travel turns spent in the entire game.
 C = Inter-level travel turns spent in this place as a percentage of turns spent in this place.
 D = Turns resting spent in this place as a percentage of non-inter-level travel turns spent in this place.
 E = Turns spent auto-exploring this place as a percentage of non-inter-level travel turns spent in this place.
 F = Non-inter-level travel turns spent in this place divided by the number of levels of this place that you've seen.
                   A       B       C       D       E      F
               +-------+-------+-------+-------+-------+----------------------
         Total | 100.0 | 100.0 |   3.0 |   0.0 |  63.5 | 556.5
       Dungeon |  93.9 |  93.8 |   3.2 |   0.0 |  64.7 | 695.7
        Temple |   1.9 |   1.9 |   0.0 |   0.0 |  41.2 |  85.0
         Sewer |   4.2 |   4.3 |   0.0 |   0.0 |  49.2 | 193.0
               +-------+-------+-------+-------+-------+----------------------

Table legend:
 A = Kills in this place as a percentage of kills in entire the game.
 B = Kills by you in this place as a percentage of kills by you in the entire game.
 C = Kills by friends in this place as a percentage of kills by friends in the entire game.
 D = Other kills in this place as a percentage of other kills in the entire game.
 E = Experience gained in this place as a percentage of experience gained in the entire game.
 F = Experience gained in this place divided by the number of levels of this place that you have seen.
                   A       B       C       D       E      F
               +-------+-------+-------+-------+-------+----------------------
         Total | 100.0 | 100.0 |   N/A |   N/A | 100.0 | 248.8
       Dungeon |  92.9 |  92.9 |   N/A |   N/A |  94.1 | 312.2
         Sewer |   7.1 |   7.1 |   N/A |   N/A |   5.9 | 117.0
               +-------+-------+-------+-------+-------+----------------------
